 Dungeon Crawl Stone Soup version 0.31-a0-986-g5e6e4ef867 (webtiles) character file.

Game seed: 11578024320428367143

11494 lunkers the Martial Artist (level 12, -40/100 HPs)
             Began as a Meteoran Shapeshifter on Nov 8, 2023.
             Was an Elder of the Shining One.
             Annihilated by an enormous slime creature (67 damage)
             ... on level 12 of the Dungeon.
             The game lasted 00:14:10 (5926 turns).

lunkers the Martial Artist (Meteoran Shapeshifter)  Turns: 5926, Time: 00:14:11

Health: -40/100    AC: 11    Str: 16    XL:     12   Next: 35%
Magic:  18/18      EV: 25    Int: 13    God:    the Shining One [****..]
Gold:   1636       SH:  0    Dex: 18    Spells: 11/11 levels left

rFire   . .          .
                       - Unarmed
rCold   . . .        (shield currently unavailable)
rNeg    + + .        a - +2 ring mail {rPois}
rPois   +            u - +1 helmet
rElec   .            (no cloak)
rCorr   .            (no gloves)
SInv    .            b - +0 pair of boots
Will    +....        (no amulet)
Stlth   +            C - +5 ring of evasion
HPRegen 0.36/turn    m - +5 ring of evasion
MPRegen 0.16/turn

%: no passive effects
@: flux-form, glowing
A: glow, contaminating, sense surroundings 2, otherworldly, glowing, explore
regen
a: Begin Untransformation, Renounce Religion, Divine Shield, Cleansing Flame


You were on level 12 of the Dungeon.
You worshipped the Shining One.
The Shining One was greatly pleased with you.
You were something dangerously unstable.
You visited 2 branches of the dungeon, and saw 13 of its levels.

You collected 1636 gold pieces.

Inventory:

Missiles
 r - 2 throwing nets
Armour
 a - a +2 ring mail of poison resistance (worn)
 b - a +0 pair of boots (worn)
 u - a +1 helmet (worn)
 B - a +0 buckler
 H - +0 acid dragon scales
Jewellery
 f - a ring of see invisible
 h - a ring of positive energy
 m - a +5 ring of evasion (right hand)
 p - a ring of protection from cold
 t - a ring of poison resistance
 w - an amulet of magic regeneration
 C - a +5 ring of evasion (left hand)
 I - a +6 ring of intelligence
Talismans
 c - a beast talisman
 d - a flux talisman (active)
 n - a blade talisman
Wands
 l - a wand of flame (44)
 G - a wand of mindburst (9)
Scrolls
 g - a scroll of fog
 i - 2 scrolls of teleportation
 k - a scroll of enchant weapon {unknown}
 x - 2 scrolls of revelation
 y - 3 scrolls of immolation
 z - 3 scrolls of identify
 D - 4 scrolls of blinking
 E - a scroll of enchant armour
 F - a scroll of amnesia {unknown}
Potions
 e - 2 potions of mutation {unknown}
 j - 3 potions of heal wounds
 o - 2 potions of ambrosia {unknown}
 q - a potion of brilliance {unknown}
 s - a potion of cancellation {unknown}
 v - a potion of might {unknown}
 A - 2 potions of magic {unknown}


   Skills:
 + Level 7.5 Fighting
 + Level 6.1 Armour
 + Level 7.7 Dodging
 * Level 13.5 Unarmed Combat
 + Level 7.4 Invocations
 + Level 9.3 Shapeshifting


You had 11 spell levels left.
You didn't know any spells.
Your spell library contained the following spells:

 Spells                   Type           Power      Damage    Failure   Level
 Wereblood                Tmut           0%         N/A       63%         2
 Hailstorm                Conj/Ice       0%         3d3       85%         3
 Tukima's Dance           Hex            0%         N/A       85%         3
 Passage of Golubria      Tloc           0%         N/A       99%         4
 Summon Ice Beast         Ice/Summ       0%         N/A       99%         4
 Irradiate                Conj/Tmut      0%         3d11      100%        5
 Yara's Violent Unravell  Hex/Tmut       0%         3d3       100%        5
 Simulacrum               Ice/Necr       0%         N/A       100%        6


Dungeon Overview and Level Annotations

Branches:
Dungeon (12/15) Zot: 1468  Temple (1/1) D:6 Zot: 547
   Lair: D:8-11         Orc: D:9-12

Altars:
Ashenzari
Cheibriados
Dithmenos
Elyvilon
Fedhas
Gozag
Hepliaklqana
Kikubaaqudgha
Makhleb
Nemelex Xobeh
Okawaru
Qazlal
Ru
Sif Muna
Trog
Uskayaw
Vehumet
Wu Jian
Xom
Zin
The Shining One

Shops:
D:4 !   D:8 *   D:11 ?

Annotations:
D:1 2 transporters
D:8 4 runed translucent doors, Dordric's ghost, novice TrSh


Innate Abilities, Weirdness & Mutations

You are something dangerously unstable.
You glow with magical radiation, making you easy to see and hit.
Foes you strike become dangerously contaminated with magical radiation.
You are incapable of wielding weapons or throwing items.
You passively map the area around you.
You are easily found by Zot.
You glow in the dark.
You regain HP and MP as you explore.


Message History

You punch the slime creature!
The slime creature glows dangerously bright.
The slime creature is heavily wounded.
The slime creature barely misses you.
You punch the slime creature!
The slime creature shudders as magic cascades through it!
The slime creature twists and deforms.
The slime creature is almost dead.
You hit the slime creature.
You kill the slime creature!
No reachable target in view!
No reachable target in view!
No reachable target in view!
No reachable target in view!
No reachable target in view!
No reachable target in view!
No reachable target in view! 2 slime creatures come into view.
The slime creature quivers.
The slime creature moves out of view.
There are monsters nearby!
There are monsters nearby!
You see here 9 gold pieces.
You now have 1636 gold pieces (gained 9).
Unknown command.
Found a long sword.
Two slime creatures merge to form a large slime creature.
Two slime creatures merge to form a very large slime creature.
Unknown command.
Two slime creatures merge to form an enormous slime creature.
The enormous slime creature attacks as it pursues you!
The enormous slime creature hits you!!!!
Ouch! That really hurt!
* * * LOW HITPOINT WARNING * * *
You hit the enormous slime creature.
The enormous slime creature begins to glow.
The enormous slime creature is lightly wounded.
The enormous slime creature hits you!!!
Ouch! That really hurt!
You die...

....#. , * , ,...).#.
,* , ....... _ * , ,,
.......### * *# ,
.........#####.# ,,
...............# ,
.....≈#...#≈§§.# *, ,
....≈≈≈.J.≈§≈§.# ,
...≈≈≈..p..§≈§.# , ,, ,
...≈≈.......≈≈## ., **
*#..≈§.......≈≈# ,*
#..≈§...♣...≈≈#
###.#####.§§≈......§≈§#
...........≈≈...§..§§§#
..........#§≈≈.....§§§#
.........<..≈§≈...≈§§##
............#≈#...#≈##


You could see an enormous slime creature (contam).

Vanquished Creatures
  A hydra (D:12)
  4 two-headed ogres
  Pikel (D:7)
  3 cyclopes
  A smoke demon (D:12)
  A gargoyle (D:12)
  A komodo dragon (D:11)
  3 trolls
  2 slime creatures (D:12)
  A shadow (D:10)
  6 yaks (D:10)
  A vampire (D:12)
  A wyvern (D:9)
  Menkaure (D:6)
  3 acid dragons
  3 black bears
  An orc warrior (D:9)
  8 centaurs
  3 ogres
  4 phantoms
  3 lemures (D:7)
  A kobold brigand (D:9)
  3 bullfrogs
  A gnoll sergeant (D:9)
  4 scorpions
  3 wights (D:6)
  3 howler monkeys
  A crimson imp (D:12)
  2 hounds
  2 jellies (D:6)
  5 orc priests
  A gnoll bouda (D:7)
  2 sleepcaps (D:4)
  3 iguanas
  12 orc wizards
  8 gnolls
  4 adders
  3 shadow imps
  3 white imps
  2 ufetubi (D:6)
  2 dart slugs
  44 orcs
  2 endoplasms (D:1)
  2 giant cockroaches
  12 goblins
  3 hobgoblins
  6 jackals
  4 quokkas
  4 ball pythons
  3 bats
  2 frilled lizards (D:1)
  16 kobolds
  6 rats
221 creatures vanquished.

Notes
Turn   | Place    | Note
-------+----------+-------------------------------------------
     0 | D:1      | lunkers the Meteoran Shapeshifter began the quest for the
                  | Orb.
     0 | D:1      | Reached XP level 1. HP: 16/16 MP: 2/2
    20 | D:1      | Found a faded altar of an unknown god.
    20 | D:1      | Noticed a crimson imp
    55 | D:1      | Prayed at the altar of an unknown god.
    55 | D:1      | Became a worshipper of Elyvilon the Healer
    55 | D:1      | Reached * piety under Elyvilon
   103 | D:1      | Reached skill level 4 in Unarmed Combat
   103 | D:1      | Reached XP level 2. HP: 12/23 MP: 3/3
   325 | D:1      | Reached XP level 3. HP: 27/28 MP: 4/4
   351 | D:1      | Reached ** piety under Elyvilon
   619 | D:2      | Reached XP level 4. HP: 31/35 MP: 5/5
   698 | D:2      | You fall into a shaft and drop 2 floors!
   709 | D:4      | Reached skill level 5 in Unarmed Combat
   745 | D:4      | Reached XP level 5. HP: 22/40 MP: 6/6
   812 | D:3      | Reached skill level 6 in Unarmed Combat
   830 | D:3      | Found a blossoming altar of Fedhas.
   923 | D:3      | Reached XP level 6. HP: 24/47 MP: 7/7
   933 | D:3      | Reached skill level 5 in Shapeshifting
  1007 | D:2      | Reached *** piety under Elyvilon
  1294 | D:4      | Reached skill level 7 in Unarmed Combat
  1347 | D:4      | Found Vatuetsa's Distillery.
  1375 | D:4      | Noticed a black bear
  1385 | D:4      | Killed a black bear
  1386 | D:4      | Reached XP level 7. HP: 44/52 MP: 8/8
  1449 | D:4      | Found a broken altar of Ashenzari.
  1657 | D:5      | Entered Level 5 of the Dungeon
  1841 | D:5      | Reached skill level 8 in Unarmed Combat
  1858 | D:5      | Reached **** piety under Elyvilon
  1935 | D:5      | Reached XP level 8. HP: 40/61 MP: 9/9
  2163 | D:5      | Reached skill level 9 in Unarmed Combat
  2382 | D:6      | Gained mutation: You passively map the area around you.
                  | [Meteoran growth]
  2382 | D:6      | Reached XP level 9. HP: 55/70 MP: 10/10
  2420 | D:6      | Found a staircase to the Ecumenical Temple.
  2471 | Temple   | Entered the Ecumenical Temple
  2479 | Temple   | Fell from the grace of Elyvilon
  2479 | Temple   | Became a worshipper of the Shining One
  2479 | Temple   | Reached * piety under the Shining One
  2479 | Temple   | Reached ** piety under the Shining One
  2504 | Temple   | Identified a scroll of acquirement
  2504 | Temple   | Acquired 987 gold pieces
  2643 | D:6      | Reached skill level 1 in Invocations
  2861 | D:6      | Noticed Menkaure
  2870 | D:6      | Killed Menkaure
  2871 | D:6      | Reached skill level 10 in Unarmed Combat
  2942 | D:7      | Noticed Pikel
  2956 | D:7      | Killed Pikel
  2957 | D:7      | Reached skill level 1 in Armour
  2957 | D:7      | Reached skill level 5 in Dodging
  3044 | D:7      | Reached XP level 10. HP: 77/80 MP: 13/13
  3557 | D:8      | Reached skill level 5 in Fighting
  3569 | D:8      | Reached skill level 11 in Unarmed Combat
  3583 | D:8      | Noticed a tengu warrior
  3584 | D:8      | Reached *** piety under the Shining One
  3584 | D:8      | Found a runed translucent door.
  3586 | D:8      | Noticed a cyclops
  3586 | D:8      | Noticed a cyclops
  3586 | D:8      | Noticed a deep elf pyromancer
  3586 | D:8      | Noticed an orc knight
  3649 | D:8      | Found Zin's Purification Station.
  3650 | D:8      | Found a glowing silver altar of Zin.
  3663 | D:8      | Identified the +8 spear "Icit" {holy, *Corrode rC++ Int+4}
  3719 | D:8      | Found a runed translucent gate.
  3722 | D:8      | Found a runed translucent gate.
  3723 | D:8      | Found a runed translucent gate.
  3723 | D:8      | Noticed Dordric's ghost (novice TrSh)
  3725 | D:8      | Noticed a kobold demonologist
  3881 | D:8      | Noticed a two-headed ogre
  3889 | D:8      | Killed a two-headed ogre
  4126 | D:8      | Found an iron altar of Okawaru.
  4171 | D:9      | Found a hazy altar of Hepliaklqana.
  4378 | D:9      | Reached skill level 5 in Invocations
  4566 | D:9      | Reached XP level 11. HP: 89/89 MP: 15/15
  4697 | D:10     | Entered Level 10 of the Dungeon
  4850 | D:10     | Noticed a two-headed ogre
  4858 | D:10     | Killed a two-headed ogre
  4859 | D:10     | Reached skill level 12 in Unarmed Combat
  4937 | D:10     | Found an ornate altar of the Wu Jian Council.
  5417 | D:11     | Reached skill level 5 in Armour
  5456 | D:11     | Noticed a cyclops
  5464 | D:11     | Killed a cyclops
  5472 | D:11     | Found Roix's Magic Scroll Shoppe.
  5512 | D:11     | Noticed a two-headed ogre
  5519 | D:11     | Killed a two-headed ogre
  5723 | D:11     | Reached skill level 13 in Unarmed Combat
  5765 | D:12     | Noticed a four-headed hydra
  5774 | D:12     | Killed a four-headed hydra
  5775 | D:12     | Reached XP level 12. HP: 48/100 MP: 18/18
  5852 | D:12     | Noticed a two-headed ogre
  5861 | D:12     | Killed a two-headed ogre
  5889 | D:12     | Reached **** piety under the Shining One
  5926 | D:12     | Annihilated by an enormous slime creature

Illustrated notes

Levels and vault maps discovered:
D:1:      spicycebolla_arrival_transporter_tutorial, layout_rooms,
          dreamdust_ecumenical_altar_sealed_demon
D:2:      layout_loops_cross, basic_altar
D:3:      layout_rooms, lemuel_crystal_altar
D:4:      layout_rooms, mainiacjoe_overflow_boulevard, serial_shops,
          nicolae_shop_tiny_statue_garden, kennysheep_generic_room_2
D:5:      layout_loops_cross, kennysheep_pointless_box
D:6:      layout_basic, minmay_temple_entry_steel_oval, uniq_menkaure
D:7:      layout_layer_cave, uniq_pikel
D:8:      minmay_gate_of_8, layout_loops_cross, zin_purify,
          nicolae_overflow_hidden_temple, gammafunk_ghost_nasty_kobolds
D:9:      layout_basic, mainiacjoe_overflow_alcove_4, hiddenorc1_lemuel
D:10:     layout_cave_pods, nzn_wu_jian_contemplation
D:11:     layout_loops_corners, hellmonk_lair_entry_icy, serial_shops,
          nicolae_shop_behind_doors, nicolae_eternal_life, uniq_erica,
          uniq_josephine
D:12:     kennysheep_demon_hangout, layout_rooms, tso_altar
Temple:   nicolae_temple_bog_church

Skill      XL: |  1  2  3  4  5  6  7  8  9 10 11 12 |
---------------+-------------------------------------+-----
Unarmed Combat | 4 5 6 7 8 9 10 11 13 | 13.5
Shapeshifting  | 4 5 6 7 8 9 |  9.3
Fighting       | 3 4 5 7 |  7.5
Dodging        | 3 5 6 7 |  7.7
Invocations    | 3 5 6 7 |  7.4
Armour         | 1 4 5 6 |  6.1

Action                     |  1- 3 |  4- 6 |  7- 9 | 10-12 || total
---------------------------+-------+-------+-------+-------++-------
  Melee: Unarmed           |    77 |   113 |   257 |   349 ||   796
         Punch             |     1 |     4 |       |       ||     5
 Invoke: Divine Shield     |       |       |       |     1 ||     1
    Use: Potion            |       |     1 |       |       ||     1
         Scroll            |       |       |    12 |     1 ||    13
 Armour: Animal skin       |     1 |       |       |       ||     1
         Ring mail         |    40 |    73 |   156 |   139 ||   408
         Skin              |       |    28 |       |       ||    28
  Dodge: Dodged            |    31 |    62 |   160 |   339 ||   592
  Block: Other             |       |       |       |    19 ||    19
   Form: Flux              |       |     1 |       |       ||     1

Table legend: (Time is in decaauts)
 A = Elapsed time spent in this place.
 B = Non-inter-level travel time spent in this place.
 C = Inter-level travel time spent in this place.
 D = Time resting spent in this place.
 E = Time spent auto-exploring this place.
 F = Levels seen in this place.
 G = Mean time per level.
                   A        B        C        D        E       F      G
               +--------+--------+--------+--------+--------+-----+--------+
         Total |   5783 |   5658 |    125 |     22 |   3994 |  13 |  444.8 |
       Dungeon |   5730 |   5605 |    125 |     22 |   3994 |  12 |  477.5 |
        Temple |     52 |     52 |      0 |      0 |      0 |   1 |   52.0 |
               +--------+--------+--------+--------+--------+-----+--------+

Top non-repeatable levels by time:
     D:5: 699 daAuts
    D:10: 661 daAuts
     D:7: 636 daAuts
     D:8: 630 daAuts
     D:4: 505 daAuts
     D:9: 502 daAuts
     D:6: 436 daAuts
     D:2: 417 daAuts
     D:1: 368 daAuts
    D:11: 368 daAuts
     D:3: 341 daAuts
    D:12: 163 daAuts
  Temple: 52 daAuts
